 Dungeon Crawl Stone Soup version 0.16.2-12-gd0ad4c3 (webtiles) character file.

387 suicidejoker the Sneak (level 6, -7/47 HPs)
             Began as a Demonspawn Assassin on Sept 22, 2015.
             Killed by nerve-wracking pain
             ... invoked by an orc priest
              (13 damage)
             ... on level 3 of the Dungeon.
             The game lasted 00:09:59 (4506 turns).

suicidejoker the Sneak (Demonspawn Assassin)        Turns: 4506, Time: 00:09:59

Health: -7/47      AC:  7    Str: 12    XL:     6   Next: 49%
Magic:  0/6        EV: 12    Int: 12    God:
Gold:   191        SH:  0    Dex: 16    Spells: 0 memorised, 5 levels left

rFire  + . .     SeeInvis .     h - -3 war axe (curse)
rCold  + . .     Clarity  .     c - +0 robe
rNeg   . . .     SustAb   .     (no shield)
rPois  +         Gourm    .     n - +1 helmet
rElec  +         Spirit   +     d - +0 cloak
rCorr  +         Warding  .     (no gloves)
rMut   .         Stasis   .     (no boots)
MR     .....                    l - amulet of guardian spirit
Stlth  +++.......               (no ring)
                                (no ring)

@: resistant, not resistant to hostile enchantments, fairly stealthy
A: hooves 1, slimy green scales 1, magic shield, rot immunity
a: no special abilities


You were on level 3 of the Dungeon.
You were not hungry.

You visited 1 branch of the dungeon, and saw 4 of its levels.

You collected 191 gold pieces.

Inventory:

Hand weapons
 b - a +0 blowgun
 g - a +0 short sword of protection
 h - a cursed -3 war axe (weapon)
 r - a +2 dagger of venom
Missiles
 e - 59 poisoned needles
 f - 2 curare-tipped needles
Armour
 c - a +0 robe (worn)
 d - a +0 cloak (worn)
 n - a +1 helmet (worn)
Jewellery
 j - an uncursed amulet of faith
 l - an amulet of guardian spirit (around neck)
 w - an uncursed amulet of regeneration {unknown}
Potions
 a - a potion of ambrosia {unknown}
 i - a potion of resistance
 p - a potion of agility {unknown}
 q - a potion of poison {unknown}
Comestibles
 k - a meat ration
 u - a beef jerky
 v - a bread ration


   Skills:
 * Level 3.0 Fighting
 + Level 2.2 Short Blades
 - Level 1.7 Throwing
 + Level 1.2 Armour
 + Level 1.4 Dodging
 + Level 6.7 Stealth


You had 5 spell levels left.
You didn't know any spells.

Dungeon Overview and Level Annotations

Branches:
Dungeon (4/15)
 Temple: D:4-7

Altars:
Trog
Vehumet
Zin

Annotations:
D:4 Corinon's ghost, average CeWn


Innate Abilities, Weirdness & Mutations

You have large cloven feet.
You are partially covered in slimy green scales (AC +2).
When hurt, damage is shared between your health and your magic reserves.
You are immune to rotting.


Message History

The orc priest is heavily wounded.
You barely miss the orc.
The orc priest calls down the wrath of Beogh upon you.
Something smites you!
* * * LOW HITPOINT WARNING * * *
The orc closely misses you. The orc priest closely misses you.
Drink which item? (? for menu, Esc to quit)
It was a potion of resistance.
You feel protected. The orc hits you with a hand axe.
* * * LOW HITPOINT WARNING * * *
The orc priest invokes the aid of Beogh against you.
Pain shoots through your body!
* * * LOW HITPOINT WARNING * * *
Drink which item? (? for menu, Esc to quit)
It was a potion of restore abilities.
You feel refreshed. The orc hits you but does no damage.
The orc priest mumbles some strange prayers to Beogh against you.
Pain shoots through your body!
You die...

#..###...# ##.
##...#.#.# ##'
#.#.#.#†# #⌠.
#.#.##..# ##'
#.......# ##.
#..#..#### #..
#........# #8.#
#o######.# ##..
#@# #.# ##_ #o#
#.# #### #.# #.#
##... #.#
#.#####.... #.#
##.##....... #.#
##...#.##....
#.####.....)###...
#....#...(..####.#
####.............#


You could see an orc priest and an orc.

Vanquished Creatures
  Sigmund (D:3)
  4 orc wizards
  A worker ant (D:4)
  10 adders
  2 worms
  A giant gecko (D:3)
  3 oozes
  8 orcs
  3 giant cockroaches
  6 goblins
  9 hobgoblins
  7 kobolds
  3 quokkas
  8 bats
  3 giant newts
  11 jackals
  3 rats
83 creatures vanquished.

Notes
Turn   | Place    | Note
--------------------------------------------------------------
     0 | D:1      | suicidejoker, the Demonspawn Assassin, began the quest for the Orb.
     0 | D:1      | Reached XP level 1. HP: 16/16 MP: 1/1
    94 | D:1      | Reached skill level 4 in Stealth
    99 | D:1      | Gained mutation: You are partially covered in slimy green scales (AC +2). [demonic ancestry]
    99 | D:1      | Reached XP level 2. HP: 11/22 MP: 2/2
  1115 | D:1      | Reached XP level 3. HP: 27/27 MP: 3/3
  1290 | D:2      | Reached skill level 5 in Stealth
  1738 | D:2      | Gained mutation: When hurt, damage is shared between your health and your magic reserves. [demonic ancestry]
  1738 | D:2      | Reached XP level 4. HP: 18/33 MP: 4/4
  2257 | D:2      | Found a radiant altar of Vehumet.
  2721 | D:3      | Noticed Sigmund
  2752 | D:3      | Killed Sigmund
  2752 | D:3      | Reached skill level 6 in Stealth
  2752 | D:3      | Gained mutation: You are immune to rotting. [demonic ancestry]
  2752 | D:3      | Reached XP level 5. HP: 18/38 MP: 2/5
  3067 | D:3      | Reached skill level 1 in Dodging
  3243 | D:3      | Found a glowing silver altar of Zin.
  3250 | D:3      | Found a bloodstained altar of Trog.
  3646 | D:3      | Gained mutation: You have large cloven feet. [demonic ancestry]
  3646 | D:3      | Reached XP level 6. HP: 42/46 MP: 6/6
  4000 | D:4      | Reached skill level 1 in Armour
  4221 | D:4      | Noticed Corinon's ghost (average CeWn)
  4506 | D:3      | Killed from afar by an orc priest

Action                   |  1- 3 |  4- 6 || total
-------------------------+-------+-------++-------
Melee: Dagger            |   127 |   146 ||   273
       Short sword       |       |    42 ||    42
       War axe           |       |    50 ||    50
 Fire: Blowgun           |       |     4 ||     4
  Use: Scroll            |       |     4 ||     4
       Potion            |       |     2 ||     2
 Stab: Sleeping          |     3 |     6 ||     9
  Eat: Chunk             |     1 |     6 ||     7
       Bread ration      |       |     1 ||     1
